[Event "Early-Titled-Tuesday-Blitz-February-20-2024"]
[Site "Chess.com"]
[Date "2024.02.20"]
[Round "10"]
[White "A-Fier"]
[Black "Jospem"]
[Result "0-1"]
[WhiteElo "2852"]
[BlackElo "3092"]
[TimeControl "180+1"]
[EndTime "9:59:11 PST"]
[Termination "Jospem won by resignation"]

1. e4 c5 2. Nf3 d6 3. d4 cxd4 4.
Nxd4 a6 5. Nc3 e6 6. Be3 b5 7. f3 h5 8. Qd2 Nf6 9. O-O-O Nbd7 10.
Bd3 Bb7 11. a3 Rc8 12. Kb1 Be7 13. h3 h4 14. Rhe1 Ne5 15. f4 Nxd3 16. cxd3 Nd7 17. Nf3 Nc5 18. f5 exf5 19. exf5 O-O 20. Qf2 Bf6 21. Bd4 a5 22. Bxf6 Qxf6 23. Qxh4 Qxf5 24. Nd4 Qg6 25. Re3 b4 26. Rg3 Qh7 27. Qxh7+ Kxh7 28. axb4 axb4 29. Ncb5 Ba6 30. Nxd6 Rcd8 31. N4b5 f5 32. d4 Ne4 33. Nxe4 fxe4 34. Nc7 Bc4 35. d5 Rf6 36. d6 Bd3+ 37. Rgxd3 exd3 38. Nd5 Rfxd6 39.
Nxb4 d2 40. Kc2 Rd4 41. Na2 Rf4 42. Nc3 Rf2 43. g4 Rh2 44. Ne4 Kg6 45. Rxd2 Rdxd2+ 46. Nxd2 Rxh3 47. b4 Kg5 48. b5 Kxg4 49. Nc4 Rh8 50.
Kd3 Kf4 51. b6 Rb8 52. Kd4 g5 53. Kc5 g4 54. Nb2 Ke3 55. Nd1+ Kf3 56. Nb2 g3 57. Nd3 Re8 58. b7 g2 59. Ne1+ Rxe1 60. b8=Q g1=Q+ 61. Kd6 Qg3+ 0-1

[Event "Early-Titled-Tuesday-Blitz-February-20-2024"]
[Site "Chess.com"]
[Date "2024.02.20"]
[Round "10"]
[White "InitiatingASC"]
[Black "Ariadna_Atreides"]
[Result "0-1"]
[WhiteElo "2387"]
[BlackElo "2205"]
[TimeControl "180+1"]
[EndTime "9:59:11 PST"]
[Termination "Ariadna_Atreides won by resignation"]

1. d4 Nf6 2. c4 e6 3. Nc3 Bb4 4. e3 c5 5. Bd3 cxd4 6. exd4 d5 7. Ne2 dxc4 8. Bxc4 O-O 9. O-O a6 10. Bg5 b5 11. Bb3 Bb7 12. Qd3 h6 13. Bh4 Be7 14. Bc2 Nbd7 15. d5 Nc5 16. Qg3 Nxd5 17. Bxe7 Qxe7 18.
Rfe1 Nxc3 19. Nxc3 b4 20. Na4 Nxa4 21. Qd3 g6 22. Bxa4 Qg5 23. f3 Rfd8 24. Qe3 Qxe3+ 25. Rxe3 Rd2 26. Rb1 Rc8 27. a3 a5 28. axb4 axb4 29. Bb5 Bd5 30. Re2 Rcc2 31. Rxd2 Rxd2 32. Bf1 Ba2 33.
Rc1 Rxb2 34. Rc8+ Kg7 35. Rb8 Rb1 36. Kf2 Bd5 37. Bd3 Rb2+ 38. Kg3 b3 39. Be4 Bxe4 40. fxe4 Kf6 41. Rb7 Rb1 42. e5+ Kxe5 43. Rxf7 b2 44. Rb7 Kd4 45. Rb4+ Kc3 46. Rb8 Rd1 47. Rc8+ Kb3 48. Rb8+ Kc2 49. Rc8+ Kd2 50. Rd8+ Ke1 51.
Re8 b1=Q 52. Rxe6+ Kf1 53. Rf6+ Kg1 54. Rf3 Rd3 55. Kh3 Rxf3+ 56. gxf3 Qf5+ 57. Kg3 Qg5+ 58.
Kh3 Qg2+ 59. Kh4 Qxh2+ 60. Kg4 h5+ 61. Kg5 Qg3+ 62. Kh6 h4 63. f4 Qxf4+ 64. Kg7 h3 65. Kg8 g5 66. Kg7 g4 67. Kh7 g3 68. Kg6 g2 69.
Kh5 h2 70. Kg6 Qg4+ 71. Kf6 h1=Q 72. Ke5 Qhh5+ 0-1

[Event "Early-Titled-Tuesday-Blitz-February-20-2024"]
[Site "Chess.com"]
[Date "2024.02.20"]
[Round "10"]
[White "Abund"]
[Black "AttackSparrow"]
[Result "1-0"]
[WhiteElo "2791"]
[BlackElo "2632"]
[TimeControl "180+1"]
[EndTime "9:59:12 PST"]
[Termination "Abund won on time"]

1. e4 e5 2. Nf3 Nc6 3. Bc4 Nf6 4. d3 Be7 5. O-O O-O 6. Re1 d6 7. a4 Na5 8. Ba2 c5 9. h3 Nc6 10. c3 a6 11. Nbd2 h6 12. Nf1 Re8 13. Ng3 Bf8 14.
Be3 d5 15. Qe2 Be6 16. Red1 Qc7 17. Nh4 d4 18. Bd2 g6 19. Bxe6 Rxe6 20. Rf1 dxc3 21.
bxc3 Rd8 22. Be3 c4 23. dxc4 Na5 24. c5 Nd7 25. Qg4 Kh7 26. Nf3 Nc4 27. Qh4 f6 28.
Nh2 Nxe3 29. fxe3 Qxc5 30. Ng4 Bg7 31. Rad1 Qc7 32. Rd5 Rf8 33. Ne2 h5 34. Nh2 Nb6 35.
Rd3 Qc4 36. Rfd1 Rf7 37. a5 Na4 38. Ng3 Nb2 39. Nxh5 gxh5 40. Qxh5+ Kg8 41. Rd8+ Rf8 42. Rxf8+ Bxf8 43. Qg6+ Kh8 44. Rd7 Re7 45. Qxf6+ Kg8 46. Rxe7 Bxe7 47. Qxe7 Qf7 48. Qxe5 Nc4 49. Qg3+ Kf8 50.
Ng4 Nd2 51. Qd6+ Ke8 52. Qxd2 Qb3 53. Qd5 Qa3 54. Kh2 Qxc3 55. Ne5 Qxe3 56. Qd7+ 1-0

[Event "Early-Titled-Tuesday-Blitz-February-20-2024"]
[Site "Chess.com"]
[Date "2024.02.20"]
[Round "10"]
[White "KononenkoD"]
[Black "AlexTruskavetsky"]
[Result "1-0"]
[WhiteElo "2555"]
[BlackElo "2706"]
[TimeControl "180+1"]
[EndTime "9:59:17 PST"]
[Termination "KononenkoD won by checkmate"]

1. d4 Nf6 2. c4 e6 3. g3 d5 4. Nf3 dxc4 5. Qa4+ Bd7 6. Qxc4 Bc6 7. Bg2 Nbd7 8. O-O Be7 9. Bf4 O-O 10. Rc1 Nb6 11.
Qc2 Rc8 12. Nbd2 Nfd5 13. e4 Nxf4 14. gxf4 Be8 15. Nb3 Ba4 16. Rd1 Qe8 17. Ne5 c5 18.
dxc5 Bxc5 19. Qd2 f6 20. Nd3 Be7 21. Rdc1 Rd8 22. Qe3 Bc6 23. Ndc5 Bd6 24. Nd4 Bd7 25.
Nxb7 Qe7 26. Nxd8 Rxd8 27. Nc6 Bxc6 28. Rxc6 Bb8 29. Qb3 Bxf4 30. Qxe6+ Qxe6 31. Rxe6 Be5 32. Rc1 Kf7 33. Rec6 Rd2 34. R6c2 Bxb2 35. Rxd2 Bxc1 36. Rc2 Bf4 37. Bf1 Ke7 38. Bc4 Kd6 39. Bg8 h6 40.
Kg2 Nd7 41. Rc3 Be5 42. Ra3 Bd4 43. Bd5 Bb6 44. h4 g5 45. hxg5 fxg5 46. Rh3 Ke5 47. Rxh6 Nc5 48. Rg6 Kf4 49. Rf6+ Kg4 50. Be6+ Kh5 51. Bf5 Nd3 52. f3 Ne1+ 53. Kh3 g4+ 54.
Bxg4+ Kg5 55. Rf5+ Kg6 56. Rd5 Nc2 57. f4 Ne3 58.
Rd6+ Kf7 59. e5 Nc4 60. Rd7+ Kg6 61. f5+ Kg5 62. Rg7+ Kf4 63. e6 Nd6 64. e7 Ke5 65.
Rg8 Ne4 66. e8=Q+ Kf4 67. Qxe4+ Kxe4 68. f6 Bc5 69. f7 Kd4 70. f8=Q Bxf8 71. Rxf8 Kc5 72.
Ra8 Kb6 73. Bf3 a5 74. Kg4 Kb5 75. Kf4 Kb4 76. Ke3 a4 77. Kd2 Ka3 78. Kc3 Kxa2 79. Rxa4+ Kb1 80. Be4+ Kc1 81. Ra1# 1-0

[Event "Early-Titled-Tuesday-Blitz-February-20-2024"]
[Site "Chess.com"]
[Date "2024.02.20"]
[Round "10"]
[White "pauliukevicius"]
[Black "Nouali_Mohamed"]
[Result "1-0"]
[WhiteElo "2382"]
[BlackElo "2528"]
[TimeControl "180+1"]
[EndTime "9:59:17 PST"]
[Termination "pauliukevicius won by checkmate"]

1. e4 c5 2. Nf3 Nc6 3. c3 d5 4.
exd5 Qxd5 5. d4 Bg4 6. Nbd2 e6 7.
Be2 Nf6 8. h3 Bh5 9. dxc5 Bxc5 10. c4 Qd7 11. O-O O-O 12. Ne4 Qxd1 13. Nxf6+ gxf6 14. Rxd1 Rfd8 15. Bf4 e5 16. Bg3 Bg6 17. a3 a5 18. Rd5 b6 19. Bh4 Kg7 20. g4 Be4 21.
Rxd8 Rxd8 22. g5 f5 23. g6 f6 24. gxh7 Nd4 25. Nxd4 Bxd4 26. Rd1 f4 27. b4 f3 28. Bf1 Bxf2+ 29. Kxf2 Rxd1 30. bxa5 bxa5 31. Bxf6+ Kxh7 32. Bxe5 Rc1 33. h4 Kg6 34. Bc7 a4 35.
Bd6 Rc3 36. Bb4 Rb3 37. c5 Bd5 38. Bb5 Rxb4 39. axb4 a3 40. Bd3+ Kh5 41. Bb1 Kxh4 42. b5 Kg4 43. c6 Kf4 44. c7 Bb7 45. b6 Ke5 46. Ke3 Kd6 47. Be4 f2 48. Kxf2 a2 49.
Bxb7 a1=Q 50. c8=Q Qb2+ 51. Ke3 Qxb6+ 52. Kd3 Qb3+ 53.
Kd2 Qb2+ 54. Ke3 Qe5+ 55. Kd3 Qg3+ 56. Kc4 Qf4+ 57. Kb3 Qe3+ 58. Ka4 Qd4+ 59. Kb5 Qb2+ 60. Ka6 Qa3+ 61. Kb6 Qb4+ 62. Ka7 Qa5+ 63. Kb8 Qb6 64. Qc3 Qd8+ 65. Ka7 Ke7 66. Qg7+ Kd6 67. Qg6+ Ke7 68. Qe4+ Kd6 69. Qf4+ Ke7 70. Qe5+ Kf8 71. Qh8+ Ke7 72. Qg7+ Kd6 73. Qg3+ Ke7 74. Qe5+ Kf8 75. Bc6 Qh4 76. Kb7 Qh7+ 77. Kb8 Qb1+ 78. Kc8 Qf1 79. Qh8+ Ke7 80. Qg7+ Kd6 81. Qd7+ Kc5 82. Qd5+ Kb4 83. Qd6+ Ka5 84. Qc5+ Ka6 85. Bb7# 1-0

[Event "Early-Titled-Tuesday-Blitz-February-20-2024"]
[Site "Chess.com"]
[Date "2024.02.20"]
[Round "10"]
[White "DvaHrasta"]
[Black "SirGerhard"]
[Result "0-1"]
[WhiteElo "2521"]
[BlackElo "2737"]
[TimeControl "180+1"]
[EndTime "9:59:19 PST"]
[Termination "SirGerhard won on time"]

1. c4 e5 2. g3 Nf6 3. Bg2 Nc6 4. Nf3 Bc5 5. O-O d6 6. e3 O-O 7. d4 Bb6 8. h3 Re8 9. Nc3 a6 10. a3 Bd7 11. b4 exd4 12. exd4 h6 13. Bb2 Ne7 14.
c5 Ba7 15. Re1 c6 16. cxd6 Nf5 17. Ne5 Bxd4 18. Nxd7 Qxd7 19. Rxe8+ Rxe8 20. g4 Bxc3 21. Bxc3 Nxd6 22. Bxf6 gxf6 23. Qd2 Kg7 24. Rd1 Rd8 25. Qd4 Qe7 26. h4 Qe5 27. Qd3 Qf4 28. f3 b5 29.
Qd2 Qg3 30. Qf2 Qxf2+ 31. Kxf2 Ne4+ 32. Ke1 Rxd1+ 33. Kxd1 Nc3+ 34. Kc2 Nd5 35. Kd2 f5 36. Bf1 fxg4 37. fxg4 Kf6 38. Kd3 Ke5 39. g5 hxg5 40. hxg5 Nf4+ 41. Ke3 Ne6 42. Bg2 Kd6 43. Ke4 Nxg5+ 44.
Kf5 Ne6 45. Kf6 Nd4 46. Be4 Ne2 47. Kxf7 Nc3 48. Bc2 c5 49. bxc5+ Kxc5 50. Ke6 a5 51. Ke5 Kc4 52. Kd6 a4 53. Kc6 b4 54. axb4 a3 55. Bh7 Ne2 56. b5 Nd4+ 57. Kc7 Ne6+ 58. Kd6 a2 59. b6 a1=Q 60. Bg8 Qd4+ 61. Kxe6 Qxb6+ 62. Kd7+ Kc5 0-1

[Event "Early-Titled-Tuesday-Blitz-February-20-2024"]
[Site "Chess.com"]
[Date "2024.02.20"]
[Round "10"]
[White "Felix-Rose"]
[Black "C_K_G"]
[Result "0-1"]
[WhiteElo "2268"]
[BlackElo "2181"]
[TimeControl "180+1"]
[EndTime "9:59:19 PST"]
[Termination "C_K_G won by resignation"]

1. d4 d5 2. c4 e6 3. Nc3 Nf6 4. cxd5 exd5 5. Bg5 Be7 6. e3 a6 7. Bd3 O-O 8. Nge2 h6 9. Bh4 b6 10. O-O Bb7 11. f3 Nbd7 12. Qd2 Re8 13. Rad1 c5 14. Bb1 c4 15. Bf2 b5 16. a3 b4 17. axb4 Bxb4 18. h3 Nf8 19. Ng3 g6 20.
Rfe1 Ne6 21. e4 dxe4 22. fxe4 Ng5 23. d5 Qd7 24. Qd4 Nfh7 25. Qxc4 Bd6 26. Qd4 Be5 27. Qd2 Qd6 28. Nf1 Nxh3+ 29. gxh3 Ng5 30. Kg2 Qf6 31. Qe3 Bf4 32. Qd4 Be5 33. Qd3 a5 34. h4 Nh7 35.
Qf3 Qe7 36. Bd4 Bxd4 37. Rxd4 Qxh4 38. Red1 Re5 39. Ng3 Ng5 40. Qe3 Qh3+ 41. Kf2 Qh2+ 42. Ke1 Rae8 43. R4d2 Qh3 44. Re2 Ba6 45. Bd3 Bxd3 46.
Rxd3 h5 47. Nf1 Qh4+ 48. Qf2 Qg4 49. Qf3 Nxf3+ 50. Rxf3 Qxf3 51. Re3 Rxe4 52. Rxe4 Rxe4+ 53. Nxe4 Qxe4+ 54. Kd2 Qxd5+ 55. Ke2 Qb3 56. Ne3 Qxb2+ 57. Kf3 Qc3 58. Ke4 Qxe3+ 59. Kd5 a4 60. Kd6 a3 61. Kd7 a2 62. Kd8 0-1

[Event "Early-Titled-Tuesday-Blitz-February-20-2024"]
[Site "Chess.com"]
[Date "2024.02.20"]
[Round "10"]
[White "Evgeny81"]
[Black "jaskol95"]
[Result "1/2-1/2"]
[WhiteElo "2763"]
[BlackElo "2605"]
[TimeControl "180+1"]
[EndTime "9:59:25 PST"]
[Termination "Game drawn by stalemate"]

1. e4 e6 2. d4 d5 3. Nd2 Nf6 4. e5 Nfd7 5. c3 c5 6. f4 Nc6 7.
Ndf3 a5 8. h4 a4 9. a3 Nb6 10.
h5 h6 11. Bd3 cxd4 12. cxd4 Na5 13. Ne2 Nb3 14. Rb1 Nc4 15. O-O b5 16. f5 Qb6 17.
fxe6 Bxe6 18. Qe1 O-O-O 19. Bf4 Kb7 20. Kh1 Be7 21. Qg3 Ka6 22. Rfd1 Qc6 23. Ne1 Qc8 24. Nc2 Bg4 25. Nb4+ Bxb4 26. axb4 Rhg8 27. Rf1 Bxh5 28. Nc3 Qg4 29. Qh2 Bg6 30. Be2 Qe6 31. Rbd1 Bf5 32. Bxc4 bxc4 33. Nxa4 Kb5 34. Nc3+ Kxb4 35. Qg3 g5 36. Qe1 gxf4 37. Nxd5+ Kb5 38. Nc7+ Kc6 39. Nxe6 Bxe6 40. Rxf4 Rg5 41. d5+ Bxd5 42. Rf6+ Kc7 43. Rxd5 Rxd5 44. Rxf7+ Kc6 45. Rf6+ Kc5 46. Qf2+ Nd4 47.
e6 Rge5 48. Rxh6 Re2 49. Qf8+ Kb5 50. Qb8+ Kc5 51. Qa7+ Kb5 52. e7 Nc6 53. Qb7+ Ka5 54. Qxc6 Rd1+ 55. Kh2 Rdd2 56. Qc5+ Ka4 57. Ra6+ Kb3 58. Qa3+ Kc2 59. Qc3+ Kb1 60. Rg6 Rc2 61. Qb4 Rxb2 62. Qxc4 Rxe7 63. Qd3+ Rc2 64. Rc6 Re2 65. Rxc2 Rxc2 66. Kh3 Kb2 67. Qxc2+ Ka1 68. g4 1/2-1/2

[Event "Early-Titled-Tuesday-Blitz-February-20-2024"]
[Site "Chess.com"]
[Date "2024.02.20"]
[Round "10"]
[White "KuzubovYuriy"]
[Black "Zohid6"]
[Result "1-0"]
[WhiteElo "2967"]
[BlackElo "2879"]
[TimeControl "180+1"]
[EndTime "9:59:27 PST"]
[Termination "KuzubovYuriy won by resignation"]

1. d4 e6 2. c4 b6 3. Nf3 Bb7 4. g3 Bb4+ 5. Bd2 Bxf3 6. exf3 Bxd2+ 7. Qxd2 Nf6 8. Nc3 d5 9. O-O-O O-O 10. g4 Nc6 11. g5 Nh5 12. Bh3 g6 13. Bg4 Ng7 14.
h4 Ne7 15. h5 Nef5 16. h6 Ne8 17. Bxf5 exf5 18. Nxd5 c6 19. Nc3 b5 20. d5 b4 21.
Na4 cxd5 22. cxd5 Nd6 23. Kb1 Rc8 24. Qd4 f6 25. Nc5 Nb5 26. Qxb4 Qd6 27. Qxb5 Rxc5 28. Qe2 fxg5 29. Rhe1 Rxd5 30. Qc4 Rd8 31. Rxd5 Qxd5 32.
Re8+ Kf7 33. Qxd5+ Rxd5 34. Rh8 Rd1+ 35. Kc2 Rf1 36.
Rxh7+ Kf6 37. Kd3 Rxf2 38. Ke3 Rxb2 39. Rxa7 f4+ 40. Kd3 g4 41. h7 Rh2 42. fxg4 Kg5 43. Rg7 Kf6 44. Ra7 Kg5 45. Rg7 Rh3+ 46. Ke2 Kf6 47. Rb7 Kg5 48. Rg7 Kf6 49. Rc7 Kg5 50. a4 Kxg4 51. a5 Rh2+ 52. Kd3 f3 53. a6 f2 54. Ke2 Kg3 55. a7 Rh1 56. Rf7 Rxh7 57. Rf3+ Kg4 58. a8=Q f1=Q+ 59. Rxf1 1-0

[Event "Early-Titled-Tuesday-Blitz-February-20-2024"]
[Site "Chess.com"]
[Date "2024.02.20"]
[Round "10"]
[White "Yeritsyaan"]
[Black "falzehope0"]
[Result "1-0"]
[WhiteElo "2615"]
[BlackElo "2421"]
[TimeControl "180+1"]
[EndTime "9:59:28 PST"]
[Termination "Yeritsyaan won on time"]

1. Nf3 e6 2. e4 d5 3. d3 f5 4. Nbd2 Nf6 5. exf5 exf5 6. g3 Bd6 7. Bg2 O-O 8. Kf1 f4 9. Nb3 c6 10. c4 Na6 11. Bd2 Bf5 12. Bc3 dxc4 13. dxc4 Ne4 14. Kg1 Nxc3 15. bxc3 Qc7 16. Nbd4 Bg4 17. Qc2 Rae8 18.
Ng5 g6 19. h3 Bc8 20. g4 f3 21.
Ndxf3 Bf4 22. Ne4 Qe7 23. Re1 Qg7 24. c5 Be6 25. Nd6 Bxd6 26. cxd6 Bd5 27. Rxe8 Rxe8 28.
c4 Be4 29. Qd2 Qd7 30. Kh2 Rf8 31. Re1 Bxf3 32. Re7 Qd8 33. Qd4 Rf7 34. Rxf7 Kxf7 35. Bxf3 Nb8 36. c5 Nd7 37. Bd1 Qf6 38. Bb3+ Kg7 39. Qe3 g5 40. Kg2 Kg6 41. Qe8+ Kg7 42. Qxd7+ Kh6 43. Qe6 Kg6 44. Qxf6+ Kxf6 45. Kf3 b6 46.
cxb6 axb6 47. Ke4 h6 48. Bc4 b5 49. Bb3 c5 50. Bd5 c4 51. Kd4 h5 52. gxh5 g4 53.
hxg4 c3 54. Kxc3 b4+ 55. Kxb4 Kg5 56. f3 Kf6 57. Kc5 Ke5 58. a4 Kf6 59. a5 Ke5 60.
a6 Kf6 61. a7 Ke5 62. h6 Kf6 63. h7 Kg6 64. h8=Q Kg5 65. a8=Q Kf4 66. d7 Kg3 67. d8=Q Kf2 68. Qa2+ Kg3 69. Qe5+ 1-0

[Event "Early-Titled-Tuesday-Blitz-February-20-2024"]
[Site "Chess.com"]
[Date "2024.02.20"]
[Round "10"]
[White "Brave_spirit12"]
[Black "Anton_Demchenko"]
[Result "0-1"]
[WhiteElo "2731"]
[BlackElo "2907"]
[TimeControl "180+1"]
[EndTime "9:59:31 PST"]
[Termination "Anton_Demchenko won by resignation"]

1. e4 e5 2. Nf3 Nc6 3. d4 exd4 4. c3 d5 5. exd5 Qxd5 6. cxd4 Bg4 7. Be2 Bb4+ 8. Nc3 Bxf3 9. Bxf3 Qc4 10. Bxc6+ bxc6 11. Qe2+ Qxe2+ 12. Kxe2 O-O-O 13. Be3 Ne7 14. a3 Ba5 15. b4 Bb6 16. Rhd1 Rhe8 17. Kd3 Nf5 18. Ne2 Rd7 19. Rac1 Nxe3 20. fxe3 Rde7 21. Nc3 Rxe3+ 22.
Kc4 f5 23. d5 cxd5+ 24. Nxd5 Rxa3 25. Re1 Re4+ 26. Kb5 Kb7 27. Rxe4 fxe4 28. Nc3 e3 29. Kc4 a5 30. bxa5 Rxa5 31. Rc2 Rf5 32. Ne4 Kc6 33. Kd3+ Kd7 34. Re2 Rd5+ 35. Kc2 Ke6 36. Nc3 Rd2+ 37. Rxd2 exd2 38. Kd3 Ba5 39. Nd1 Ke5 40. Ne3 c6 41. h4 Kf4 42. h5 Bb4 43. Ke2 Ke4 44. g3 c5 45. Nc4 Kd4 46. Ne3 c4 47. g4 c3 48. Nc2+ Kc4 49. Na1 Bc5 50. g5 Be7 51.
g6 hxg6 52. hxg6 Bf6 53. Kd1 Kd3 54. Nc2 Ke4 55. Ke2 Kf5 56. Ne3+ Kxg6 57. Kd1 Kg5 58. Nd5 Kf5 59. Ne3+ Ke4 60. Ng4 Bd4 61. Ke2 g5 62.
Nh6 Kf4 63. Ng8 g4 64. Ne7 g3 65. Ng6+ Ke4 66. Nh4 Bf6 67. Ng2 Bg5 68. Kd1 Kf3 0-1

[Event "Early-Titled-Tuesday-Blitz-February-20-2024"]
[Site "Chess.com"]
[Date "2024.02.20"]
[Round "10"]
[White "FaustinoOro"]
[Black "mr_gustavo"]
[Result "1-0"]
[WhiteElo "2907"]
[BlackElo "2747"]
[TimeControl "180+1"]
[EndTime "9:59:33 PST"]
[Termination "FaustinoOro won on time"]

1. e4 c5 2. Nf3 d6 3. d4 cxd4 4. Nxd4 Nf6 5. Nc3 a6 6. Be2 e5 7. Nb3 Be7 8. O-O O-O 9. Be3 Be6 10. Qd3 Nc6 11. a3 Na5 12. Nxa5 Qxa5 13. Rad1 Rac8 14. f3 Rfd8 15. Qd2 Rxc3 16. Qxc3 Qxc3 17. bxc3 d5 18. exd5 Nxd5 19. Bf2 Nxc3 20. Rxd8+ Bxd8 21. Bd3 Be7 22. Be1 Nd5 23. a4 Nf4 24. Bf2 Nxd3 25. cxd3 Bd7 26. a5 Bc6 27. d4 exd4 28. Bxd4 f6 29. Kf2 Kf7 30. Bb6 Bd6 31. h4 h5 32. Rd1 Ke6 33.
g4 hxg4 34. fxg4 Be5 35. h5 Bf4 36. Be3 Be5 37. Bb6 Bf4 38. Be3 Be5 39. Re1 Kd5 40.
Rd1+ Ke4 41. Re1 Kd5 42. g5 fxg5 43. Bxg5 Kd6 44. Rd1+ Ke6 45. Be3 Kf5 46. Rg1 Bc3 47.
Rg5+ Kf6 48. Rc5 Be5 49. Bg5+ Ke6 50. Be3 Bd6 51. Rg5 Be5 52. Rg6+ Kf7 53. Bg5 Bd4+ 54. Be3 Bc3 55. Rg5 Bf6 56. Rc5 Ke6 57. Rc1 Be5 58.
Bb6 Be8 59. Re1 Kf5 60. Bc7 1-0

[Event "Early-Titled-Tuesday-Blitz-February-20-2024"]
[Site "Chess.com"]
[Date "2024.02.20"]
[Round "10"]
[White "NikitaShnadrygin"]
[Black "JonSnowNW1"]
[Result "1-0"]
[WhiteElo "2689"]
[BlackElo "2501"]
[TimeControl "180+1"]
[EndTime "9:59:33 PST"]
[Termination "NikitaShnadrygin won by resignation"]

1. e4 c5 2. Nf3 d6 3. d4 cxd4 4. Nxd4 Nf6 5. Nc3 a6 6. f3 e5 7.
Nb3 Be7 8. Be3 Be6 9. Qd2 Nbd7 10. g4 Nb6 11. g5 Nfd7 12. Na5 Qc7 13. h4 Rd8 14. O-O-O Nc5 15. Nd5 Nxd5 16. exd5 Bf5 17. Nb3 Nxb3+ 18. axb3 Rc8 19. Bd3 Bxd3 20. Qxd3 Qa5 21.
Kb1 Qb4 22. h5 a5 23. g6 fxg6 24. hxg6 h6 25. Bxh6 gxh6 26. g7 Rg8 27. Qg6+ Kd8 28. Qf7 Kc7 29. Qxe7+ Kb8 30. Rxh6 Rgd8 31. g8=Q Rxg8 32.
Qxd6+ Qxd6 33. Rxd6 Rg2 34. Rc1 Rf2 35. Re6 Rxf3 36. Rxe5 Kc7 37. Rd1 Kd6 38. Re6+ Kd7 39. Re2 Rh8 40. d6 Rh7 41. Re5 b6 42. Rd2 Rf1+ 43.
Ka2 Rhh1 44. b4 a4 45. b3 Ra1+ 46. Kb2 a3+ 47. Kc3 a2 48. Re7+ Kd8 49. Ra7 Rh3+ 50. Kc4 Rh5 51. d7 b5+ 52. Kc3 Rh3+ 53. Kb2 Rd1 54.
Ra8+ Ke7 55. d8=Q+ Kf7 56. Qd7+ Kf6 57. Qd6+ 1-0

[Event "Early-Titled-Tuesday-Blitz-February-20-2024"]
[Site "Chess.com"]
[Date "2024.02.20"]
[Round "10"]
[White "Boundless_Strike"]
[Black "Colombiano07"]
[Result "0-1"]
[WhiteElo "2621"]
[BlackElo "2476"]
[TimeControl "180+1"]
[EndTime "9:59:38 PST"]
[Termination "Colombiano07 won by resignation"]

1. d4 d5 2. e4 e6 3. Be3 dxe4 4. Nd2 Nf6 5. f3 c5 6. dxc5 Qc7 7. b4 a5 8. a3 Be7 9. fxe4 O-O 10. Ngf3 Nc6 11.
c3 Ne5 12. Bd4 Nxf3+ 13. Qxf3 e5 14. Qg3 Nh5 15. Qxe5 Qxe5 16. Bxe5 Re8 17. Be2 Bxc5 18. Nc4 axb4 19. cxb4 Rxe5 20. Nxe5 Bxb4+ 21. Kf2 Bc5+ 22. Kf3 Be6 23. Rhd1 Be7 24. Bc4 Bf6 25. Bxe6 fxe6 26. Nc4 Bxa1 27. Rxa1 Ra4 28. Nd6 b6 29. Nc8 b5 30.
Ne7+ Kf7 31. Nc6 Nf6 32. Ne5+ Ke7 33. Nc6+ Kd6 34. Nb4 e5 35. h3 Ke6 36. Ke3 Ra5 37. Kd3 Nd7 38. Ke3 Nb6 39. Kd3 Nc4 40.
a4 Nd6 41. Nc6 Rxa4 42. Rxa4 bxa4 43. Kc3 Nxe4+ 44. Kb4 Kd6 45. Nd8 Nc5 46. Nf7+ Kd5 47. Ng5 h6 48. Nf3 e4 49. Nd2 e3 50. Nf3 e2 51. Ka3 Nd3 52. Kxa4 e1=Q 53. Nxe1 Nxe1 54. Kb3 Nxg2 55. Kc2 Nf4 56. Kd1 Nxh3 57. Ke1 Ng5 58. Kf1 Nh7 59. Kg2 g5 60. Kg3 Ke6 61. Kg4 Kf6 62. Kh5 Kg7 63. Kg4 Kg6 64. Kg3 h5 65. Kh3 h4 66. Kg4 Kh6 67. Kh3 Kh5 68. Kg2 g4 69. Kh2 Kg5 70. Kg2 g3 71. Kh3 Kh5 72.
Kg2 Kg4 73. Kh1 h3 74. Kg1 Kf3 75. Kh1 g2+ 76. Kh2 Kf2 0-1

[Event "Early-Titled-Tuesday-Blitz-February-20-2024"]
[Site "Chess.com"]
[Date "2024.02.20"]
[Round "10"]
[White "snowlord"]
[Black "Rurep26"]
[Result "1-0"]
[WhiteElo "2892"]
[BlackElo "2727"]
[TimeControl "180+1"]
[EndTime "9:59:39 PST"]
[Termination "snowlord won on time"]

1. Nf3 d5 2. g3 c6 3. c4 Nf6 4.
Bg2 Bf5 5. Qb3 Qb6 6. d3 e6 7.
Be3 Qxb3 8. axb3 Bb4+ 9. Nc3 c5 10. Bd2 Bxc3 11. bxc3 Nbd7 12. Nh4 Bg6 13. Nxg6 hxg6 14.
h4 O-O 15. O-O a6 16. Rfb1 Rac8 17. cxd5 exd5 18. b4 c4 19. Bh3 cxd3 20. exd3 Rc6 21.
Re1 Rd8 22. Re7 Kf8 23. Rae1 b5 24. Bg5 Nb6 25. Rb7 Re8 26. Rxe8+ Kxe8 27. Bd2 Na4 28. g4 Nd7 29. g5 Ne5 30. f4 Nf3+ 31. Kf2 Nxd2 32.
Bd7+ Kf8 33. Bxc6 Nxc3 34. Ke3 Nb3 35. Rc7 d4+ 36. Kf3 Nc1 37. Rd7 Nxd3 38. Rxd4 Ne1+ 39. Kf2 Nc2 40. Rd3 Na2 41. Rd7 Ncxb4 42. Be4 Nc3 43. Ke3 a5 44. Ra7 a4 45. Kd4 Nxe4 46. Kxe4 Nc6 47. Ra6 Nb4 48. Ra5 Na2 49. Kd4 Nc1 50. Rxb5 Ne2+ 51. Ke3 Ng3 52. Ra5 Nf5+ 53. Ke4 Nxh4 54. Rxa4 Nf5 55. Ra7 Nd6+ 56. Ke5 Nf5 57. Rb7 Nh4 58. Kd6 Nf5+ 59. Kd7 Kg8 60. Ra7 Nh4 61.
Ke8 f6 62. gxf6 gxf6 63. Ke7 Kg7 64. Ke6+ Kh6 65. Kxf6 Ng2 66. Ra8 Kh7 67. Ra4 Ne3 68. Kg5 1-0

[Event "Early-Titled-Tuesday-Blitz-February-20-2024"]
[Site "Chess.com"]
[Date "2024.02.20"]
[Round "10"]
[White "sergoy"]
[Black "xamax2000"]
[Result "1-0"]
[WhiteElo "3004"]
[BlackElo "2898"]
[TimeControl "180+1"]
[EndTime "9:59:40 PST"]
[Termination "sergoy won on time"]

1. d4 d5 2. c4 e6 3. Nf3 Nf6 4. Nc3 Nbd7 5. Bg5 h6 6. Bh4 Be7 7. e3 O-O 8. Qc2 c6 9. cxd5 exd5 10. Bd3 Re8 11. O-O Ne4 12. Bxe7 Qxe7 13. Bxe4 dxe4 14. Nd2 Nf6 15. Qa4 a5 16. Qa3 Qb4 17. Rfd1 b6 18.
Rac1 Ba6 19. Qb3 Bd3 20. a3 Qxb3 21. Nxb3 a4 22. Na1 c5 23. Nc2 Red8 24. f3 Kf8 25. Kf2 Ke7 26. h3 h5 27. dxc5 bxc5 28. Ne1 Rdb8 29. Rd2 c4 30. fxe4 Bxe4 31. Nf3 Bxf3 32.
gxf3 Rb3 33. Rcd1 h4 34. e4 g6 35. e5 Nh5 36. Ke3 Kf8 37. Kd4 Rc8 38. Ke4 Ng3+ 39. Kf4 Kg7 40. Kg4 Nf5 41. Kf4 Ra8 42. Re2 Ra7 43. Rd5 Ne7 44. Rd4 Nf5 45. Rxc4 Rd7 46. e6 fxe6 47. Rc6 Rd4+ 48. Kg5 Rd3 49. Rc7+ Kf8 50. Rxe6 Rxf3 51. Ne4 Rb5 52. Rc8+ Kf7 53. Rf6+ Ke7 54. Rc7+ Kd8 55. Rc5 Rxc5 56. Nxc5 Ke7 57.
Re6+ Kf7 58. Rf6+ Ke7 59. Rxg6 Nd4 60. Kxh4 Rf4+ 61. Kg3 Rf2 62. Ne4 Rxb2 63. h4 Rb3+ 64. Kg4 Rxa3 65. h5 Re3 66. Kf4 Rf3+ 67. Ke5 Ne2 68. Rg7+ Kf8 69. Ra7 Rh3 70. Nf6 1-0

[Event "Early-Titled-Tuesday-Blitz-February-20-2024"]
[Site "Chess.com"]
[Date "2024.02.20"]
[Round "10"]
[White "Barmen_EV"]
[Black "Leonid_Starozhilov"]
[Result "0-1"]
[WhiteElo "2512"]
[BlackElo "2685"]
[TimeControl "180+1"]
[EndTime "9:59:43 PST"]
[Termination "Leonid_Starozhilov won by checkmate"]

1. e4 g6 2. d4 Bg7 3. Nc3 d6 4. h4 h5 5. Nf3 Bg4 6. Be2 Bxf3 7. Bxf3 e6 8. Be3 Nc6 9. Qd2 Nf6 10. O-O-O Ng4 11. Bxg4 hxg4 12. Bg5 Qd7 13. d5 Ne5 14.
Bf4 O-O-O 15. Bxe5 Bxe5 16. Kb1 Kb8 17. Ne2 Qb5 18.
Nd4 Qb6 19. c3 exd5 20. exd5 Rde8 21. Nb3 a5 22. g3 f5 23. Rhe1 Ref8 24. c4 a4 25. c5 Qb5 26. Nd4 Qxc5 27. Ne6 Qb6 28. Nxf8 Rxf8 29. a3 f4 30. gxf4 Rxf4 31. Re2 Rf3 32. Qb4 Qxb4 33. axb4 Rb3 34. Ka2 Rxb4 35. Rc2 Rf4 36. Rdc1 Rf7 37. Ka3 Bd4 38. Rf1 b5 39. Kb4 Kb7 40. Kxb5 Rf4 41. Rc4 g3 42. Rxd4 g2 43.
Rg1 Rxd4 44. Rxg2 Rxd5+ 45. Kxa4 Rd4+ 46. Ka3 Rxh4 47. Rxg6 Rf4 48. Rg2 c5 49. Kb3 Kc6 50. Kc3 Rf3+ 51. Kd2 d5 52. Rg6+ Kb5 53. Ke2 Rb3 54.
Rg8 Rxb2+ 55. Kf3 Kc4 56. Kg3 Rb1 57. Kg2 d4 58. f4 d3 59. Rd8 Kc3 60. f5 d2 61. f6 d1=Q 62. Rxd1 Rxd1 63. f7 Rd8 64. Kf3 Rf8 65. Ke4 Rxf7 66. Ke5 c4 67. Kd6 Rf3 68. Kd5 Rd3+ 69. Ke4 Kd2 70. Kf4 c3 71. Ke4 c2 72.
Kf4 c1=Q 73. Ke4 Qe1+ 74. Kf4 Qe3+ 75. Kg4 Rd4+ 76. Kh5 Qe5+ 77. Kg6 Rd6+ 78. Kh7 Qe7+ 79. Kg8 Rd8# 0-1